 Dungeon Crawl Stone Soup version 0.31-a0-691-g409c26aa35 (webtiles) character file.

Game seed: 4605799540429174605

43 Xavori the Trooper (level 3, 0/20 (26) HPs)
             Began as an Octopode Chaos Knight on Sept 7, 2023.
             Was a Plaything of Xom.
             Slain by a gnoll
             ... wielding a +0 spear
              (5 damage)
             ... on level 2 of the Dungeon.
             The game lasted 00:01:31 (4415 turns).

Xavori the Trooper (Octopode Chaos Knight)          Turns: 4415, Time: 00:01:32

HP:   0/20 (26)     AC:  3    Str:  9      XL:     3   Next: 58%
MP:   3/3           EV: 13    Int: 22      God:    Xom [......]
Gold: 88            SH:  0    Dex: 10 (11) Spells: 2/2 levels left

rFire   . . .        a - +0 short sword (chaos)
rCold   . . .        (no shield)
rNeg    . . .        (helmet restricted)
rPois   .            f - amulet of faith
rElec   .            (no ring)
rCorr   .            (no ring)
SInv    .            (no ring)
Will    .....        (no ring)
Stlth   ++           (no ring)
HPRegen 0.23/turn    (no ring)
MPRegen 0.08/turn    (no ring)
                     (no ring)

%: clarity, faith
@: heavily drained
A: almost no armour, amphibious, 8 rings, camouflage 1, gelatinous body 1,
(nimble swimmer 1), tentacles, tentacle spike 1, iridescent scales 1, clarity,
clever 2, MP-powered wands
a: Renounce Religion


You were on level 2 of the Dungeon.
You worshipped Xom.
You were a very special plaything of Xom.
You visited 1 branch of the dungeon, and saw 2 of its levels.

You collected 88 gold pieces.

Inventory:

Hand Weapons
 a - a +0 short sword of chaos (weapon)
Jewellery
 f - an amulet of faith (around mantle)
Scrolls
 b - a scroll of butterflies
 c - 2 scrolls of teleportation {unknown}
 d - 2 scrolls of noise {unknown}
 e - 2 scrolls of poison {unknown}
Potions
 g - 2 potions of might {unknown}


   Skills:
 + Level 3.5 Fighting
 + Level 3.5 Short Blades
 + Level 2.7 Dodging
 + Level 1.2 Stealth


You had 2 spell levels left.
You didn't know any spells.
Your spell library was empty.

Dungeon Overview and Level Annotations

Branches:
Dungeon (2/15)

Altars:
Xom


Innate Abilities, Weirdness & Mutations

You cannot wear most types of armour.
You are amphibious.
You can wear up to eight rings at the same time.
Your skin changes colour to match your surroundings (Stealth+).
Your rubbery body absorbs attacks. (AC +1, EV +1)
((You are camouflaged when in or above water. (Stealth+)))
You have tentacles for arms and can constrict up to eight enemies at once.
One of your tentacles bears a spike.
You are partially covered in iridescent scales. (AC +2)
You possess an exceptional clarity of mind.
Your mind is very acute. (Int +8, Str/Dex -2)
You expend magic power (3 MP) to strengthen your wands.


Message History

Found a fizzy black potion.
A gnoll is nearby!
Found a scroll labelled OTOMESTONTU.
A worm comes into view.
There are monsters nearby!
A gnoll comes into view. It is wielding a +0 spear.
There are monsters nearby!
There are monsters nearby!
The helpless gnoll fails to defend itself.
You hit the gnoll. You burn the gnoll. Your grab misses the gnoll.
The gnoll is severely wounded.
The gnoll shouts!
You hear a shout! x2
A bat comes into view.
The gnoll barely misses you.
A hobgoblin comes into view.
The gnoll hits you with a +0 club!
You hit the gnoll but do no damage. Your grab misses the gnoll.
You pierce the gnoll.
Your squeeze misses the gnoll.
The gnoll is severely wounded.
The bat hits you but does no damage.
The gnoll hits you from afar with a +0 spear.
The gnoll hits you with a +0 club!
* * * LOW HITPOINT WARNING * * *
You are too injured to fight recklessly!
Unknown command.
You hit the gnoll. Your grab misses the gnoll. You squeeze the gnoll.
The gnoll is almost dead.
The bat closely misses you. The bat barely misses you.
The gnoll barely misses you.
A gnoll comes into view. It is wielding a +0 flail.
The gnoll barely misses you.
Unknown command.
You hit the gnoll but do no damage. You grab the gnoll. You squeeze the gnoll.
You kill the gnoll! "Boo!"
You hear an angry hiss. x2; You hear a shout!
The bat barely misses you.
The gnoll hits you from afar with a +0 spear.
You die...
Xom howls with laughter!

########## #........#
#........# #$.......#
###########........#
...................##
..g!..)@............###
....w.b####............
....?gg #........###
##.#### #.........# #
######.##.# #.##.#
#....## ..#####...#
#....##.#.###


You could see a worm, 2 gnolls, a hobgoblin and a bat.

Vanquished Creatures
  2 gnolls
  A worm (D:2)
  2 dart slugs
  3 endoplasms
  A giant cockroach (D:1)
  3 goblins (D:1)
  3 hobgoblins
  4 kobolds
  3 ball pythons
  3 bats (D:1)
  A frilled lizard (D:1)
26 creatures vanquished.

Notes
Turn   | Place    | Note
-------+----------+-------------------------------------------
     0 | D:1      | Xavori the Octopode Chaos Knight began the quest for the
                  | Orb.
     0 | D:1      | Reached XP level 1. HP: 16/16 MP: 1/1
    55 | D:1      | Reached XP level 2. HP: 21/21 MP: 2/2
   282 | D:1      | XOM: potion effect (might)
   337 | D:1      | Reached XP level 3. HP: 26/26 MP: 3/3
   430 | D:1      | XOM: stat loss: -1 Dex (12/13)
   618 | D:1      | XOM: scenery: summon butterflies
   625 | D:2      | Reached skill level 1 in Stealth
   701 | D:1      | XOM: god gift: +0 storm dragon scales
   946 | D:1      | XOM: divination: detect items
  1087 | D:1      | XOM: give mutations
  1087 | D:1      | Gained mutation: Your mind is acute. (Int +4, Str/Dex -1)
                  | [Xom's grace]
  1087 | D:1      | Gained mutation: You possess an exceptional clarity of
                  | mind. [Xom's grace]
  1087 | D:1      | Gained mutation: You expend magic power (3 MP) to
                  | strengthen your wands. [Xom's grace]
  1087 | D:1      | Gained mutation: Your mind is very acute. (Int +8, Str/Dex
                  | -2) [Xom's grace]
  1547 | D:1      | XOM: give mutation
  1547 | D:1      | Gained mutation: One of your tentacles bears a spike.
                  | [Xom's grace]
  1655 | D:1      | XOM: god gift: scroll labelled WOSUM NUZITI {god gift}
  1754 | D:1      | XOM: silly message
  1959 | D:1      | XOM is BORED!
  2274 | D:1      | XOM: scenery: create altars
  2474 | D:1      | XOM: draining
  2532 | D:1      | XOM: summons 2 hostile demons
  3249 | D:1      | XOM: summons 2 hostile demons
  3264 | D:2      | XOM: summons 1 hostile shadow creature
  3673 | D:1      | XOM: torment (12/22 hp)
  3714 | D:1      | XOM: summons 2 hostile demons
  3730 | D:2      | XOM: 1-stop teleportation journey
  3840 | D:1      | XOM: give mutation
  3840 | D:1      | Gained mutation: You are partially covered in iridescent
                  | scales. (AC +2) [Xom's mischief]
  3996 | D:1      | XOM: silly message
  4165 | D:1      | XOM: draining
  4415 | D:2      | XOM: noise
  4415 | D:2      | Slain by a gnoll

Illustrated notes

Levels and vault maps discovered:
D:1:      minmay_arrival_four_circles, layout_loops_ring
D:2:      layout_rooms

Skill      XL: |  1  2  3 |
---------------+----------+-----
Stealth        | 1 |  1.2
Fighting       | |  3.5
Short Blades   | |  3.5
Dodging        | |  2.7

Action                     || total
---------------------------++-------
  Melee: Short sword       ||    52
         Tentacles         ||    13
         Constrict         ||    13
         Kick              ||     6
   Stab: Sleeping          ||     5
 Armour: Skin              ||    19
  Dodge: Dodged            ||    38

Table legend: (Time is in decaauts)
 A = Elapsed time spent in this place.
 B = Non-inter-level travel time spent in this place.
 C = Inter-level travel time spent in this place.
 D = Time resting spent in this place.
 E = Time spent auto-exploring this place.
 F = Levels seen in this place.
 G = Mean time per level.
                   A        B        C        D        E       F      G
               +--------+--------+--------+--------+--------+-----+--------+
         Total |   4413 |   4411 |      2 |   3616 |    615 |   2 | 2206.5 |
       Dungeon |   4413 |   4411 |      2 |   3616 |    615 |   2 | 2206.5 |
               +--------+--------+--------+--------+--------+-----+--------+

Top non-repeatable levels by time:
     D:1: 3817 daAuts
     D:2: 595 daAuts
